 Dungeon Crawl Stone Soup version 0.20-a0-739-g6bb112f (webtiles) character file.

869 retryentry the Slasher (level 7, 0/52 HPs)
             Began as a Mummy Fighter on Feb 24, 2017.
             Was an Initiate of Okawaru.
             Slain by a wyvern zombie (11 damage)
             ... on level 6 of the Dungeon.
             The game lasted 00:09:34 (6202 turns).

retryentry the Slasher (Mummy Fighter)              Turns: 6202, Time: 00:09:34

Health: 0/52       AC: -3    Str: 20    XL:     7   Next: 73%
Magic:  7/7        EV:  8    Int:  7    God:    Okawaru [......]
Gold:   292        SH:  9    Dex: 13    Spells: 6/6 levels left

rFire    . . .     SeeInvis .   a - +0 long sword
rCold    + . .     Gourm    .   p - +0 chain mail (curse)
rNeg     + + +     Faith    .   c - +0 shield
rPois    ∞         Spirit   .   (no helmet)
rElec    .         Reflect  .   (no cloak)
rCorr    .         Harm     .   (no gloves)
MR       .....                  (no boots)
Stlth    ..........             (no amulet)
Regen    0.2/turn               n - +3 ring of evasion
MPRegen  0.1/turn               d - ring of protection from fire

@: corroded
A: no food or potions, fire vulnerability, cold resistance 1, negative energy
resistance 3, torment resistance, unbreathing
a: Renounce Religion


You were on level 6 of the Dungeon.
You worshipped Okawaru.
Okawaru was noncommittal.
You were not hungry.

You visited 1 branch of the dungeon, and saw 6 of its levels.
You also visited: Ossuary.

You collected 292 gold pieces.

Inventory:

Hand Weapons
 a - a +0 long sword (weapon)
Armour
 b - a +3 ring mail of cold resistance
 c - a +0 shield (worn)
 p - a cursed +0 chain mail (worn)
Jewellery
 d - a ring of protection from fire (left hand)
 n - a +3 ring of evasion (right hand)
 s - an uncursed ring of protection from magic
Wands
 o - a wand of random effects (0/48)
Scrolls
 e - a scroll of recharging {unknown}
 f - 2 scrolls of teleportation {unknown}
 g - 7 scrolls of identify {unknown}
 h - 7 scrolls of remove curse {unknown}
 i - 5 scrolls of immolation {unknown}
 j - a scroll of magic mapping {unknown}
 k - 2 scrolls of enchant armour {unknown}
 l - 3 scrolls of fog {unknown}
 m - a scroll of fear {unknown}
 q - 2 scrolls of random uselessness {unknown}
 r - 2 scrolls of blinking {unknown}


   Skills:
 - Level 3.0 Fighting
 + Level 7.5 Long Blades
 - Level 2.4 Armour
 - Level 2.4 Shields


You had 6 spell levels left.
You didn't know any spells.

Dungeon Overview and Level Annotations

Branches:
Dungeon (6/15)             Temple (0/1) D:6

Altars:
Nemelex Xobeh
Okawaru
Qazlal
Vehumet
Xom
Zin

Annotations:
D:5 Edmund


Innate Abilities, Weirdness & Mutations

You do not eat or drink.
Your flesh is vulnerable to fire.
You are immune to poison.
Your flesh is cold resistant. (rC+)
You are immune to negative energy. (rN+++)
You are immune to unholy pain and torment.
You can survive without breathing.


Message History

You hit the jelly but do no damage.
Your hands burn!
The jelly is heavily wounded.
The wyvern zombie barely misses you.
You riposte.
You hit the wyvern zombie.
The wyvern zombie is lightly damaged.
The jelly hits you. The acid corrodes you!
You are splashed with acid!
The acid burns!
Unknown command.
You hit the jelly but do no damage. The acid corrodes you!
Your hands burn!
The jelly is heavily wounded.
The wyvern zombie completely misses you.
You riposte.
You hit the wyvern zombie but do no damage.
The wyvern zombie is lightly damaged.
The jelly hits you.
You are splashed with acid!
The acid burns!
The wyvern zombie bites you!
You hit the jelly but do no damage.
Your hands burn!
* * * LOW HITPOINT WARNING * * *
The jelly is heavily wounded.
The wyvern zombie bites you!
You die...

.
#..#..##.##
.
##..#....#
##.##..##
#.##...# #.
#...# #.
##..# .
#..##
....###..##
#....Z@..#
#...).J#.#
........#.#
###.....#.#
.......# .
...####.. .
... ... ..
##.


You could see a jelly and a wyvern zombie.

Vanquished Creatures
  The ghost of Gorglomux the Covert, a novice SpEn of Ashenzari (D:5)
  2 scorpions
  A centaur zombie (D:5)
  A crimson imp (D:6)
  2 orc priests (D:4)
  A hound (D:6)
  2 orc wizards
  Natasha (thrice) (D:2 D:4)
  An iguana (D:4)
  2 worker ants
  2 mummies (Ossuary)
  A howler monkey skeleton (D:6)
  4 adders
  A shadow imp (D:6)
  An ooze (D:3)
  An adder skeleton (D:4)
  2 worms
  2 dart slugs
  8 leopard geckos
  10 orcs
  A ball python (D:3)
  5 giant cockroaches
  9 goblins
  6 hobgoblins
  7 jackals
  3 quokkas
  5 bats
  4 frilled lizards (D:1)
  13 kobolds
  A quokka skeleton (D:5)
  A quokka zombie (D:5)
  11 rats
  A plant (D:2)
115 creatures vanquished.

Vanquished Creatures (others)
  A plant (D:2)
1 creature vanquished.

Grand Total: 116 creatures vanquished

Notes
Turn   | Place    | Note
-------+----------+-------------------------------------------
     0 | D:1      | retryentry the Mummy Fighter began the quest for the Orb.
     0 | D:1      | Reached XP level 1. HP: 18/18 MP: 1/1
    57 | D:1      | Reached skill level 2 in Long Blades
    60 | D:1      | Reached XP level 2. HP: 10/24 MP: 2/2
   706 | D:1      | Reached XP level 3. HP: 27/29 MP: 3/3
   781 | D:1      | Reached skill level 3 in Long Blades
   883 | D:2      | Noticed Natasha
   887 | D:2      | Killed Natasha
  1099 | D:2      | Reached XP level 4. HP: 31/35 MP: 4/4
  1114 | D:2      | Noticed Natasha
  1122 | D:2      | Killed Natasha
  1252 | D:2      | Reached skill level 4 in Long Blades
  2261 | D:3      | Found a shimmering altar of Xom.
  2320 | D:3      | Reached XP level 5. HP: 34/41 MP: 5/5
  2651 | D:3      | Found an iron altar of Okawaru.
  2991 | D:4      | Noticed Natasha
  3000 | D:4      | Killed Natasha
  3000 | D:4      | Reached skill level 5 in Long Blades
  3068 | D:4      | Found a sand-covered staircase.
  3077 | Ossuary  | Entered an ossuary
  3158 | Ossuary  | HP: 1/41 [mummy (6)]
  3604 | D:4      | Reached XP level 6. HP: 47/47 MP: 6/6
  4325 | D:5      | Entered Level 5 of the Dungeon
  4358 | D:5      | Found a stormy altar of Qazlal.
  4409 | D:5      | Noticed Gorglomux's ghost (novice SpEn)
  4485 | D:5      | Killed Gorglomux's ghost
  4485 | D:5      | Reached skill level 6 in Long Blades
  4485 | D:5      | Reached XP level 7. HP: 29/52 MP: 7/7
  4631 | D:5      | Found a glowing silver altar of Zin.
  4661 | D:5      | Found a radiant altar of Vehumet.
  4938 | D:5      | Found a sparkling altar of Nemelex Xobeh.
  4952 | D:5      | Noticed Edmund
  5230 | D:3      | Became a worshipper of Warmaster Okawaru
  5903 | D:6      | Reached skill level 7 in Long Blades
  6173 | D:6      | Found a staircase to the Ecumenical Temple.
  6202 | D:6      | Slain by a wyvern zombie

Vault maps used:
D:1:      matt_arrival_los_fun, grunt_decor_cap
D:2:      first_bread, kennysheep_nub, lexackson_kobold_supper, uniq_natasha
D:3:      okawaru_gym_becter, xom_teletrap_fun
D:4:      lightli_ossuary_entry_decrepit_ruins
D:5:      lemuel_crystal_altar, lemuel_doored_altar, kennysheep_little_box,
          grunt_qazlal_sundering, uniq_edmund
D:6:      kennysheep_windowed_halls, old_standard_altar,
          lemuel_temple_firewalk_b, kb_rosetta
Ossuary:  ossuary_crypta

Skill      XL: |  1  2  3  4  5  6  7 |
---------------+----------------------+-----
Long Blades    | 2 3 4 5 6 7 |  7.5
Fighting       | |  3.0
Armour         | |  2.4
Shields        | |  2.4

Action                   |  1- 3 |  4- 6 |  7- 9 || total
-------------------------+-------+-------+-------++-------
Melee: Long sword        |   132 |   300 |   120 ||   552
Evoke: Wand              |       |     4 |       ||     4
 Stab: Paralysed         |       |     3 |       ||     3
Armor: Scale mail        |    58 |    49 |       ||   107
       Chain mail        |       |    55 |    38 ||    93
Dodge: Dodged            |    43 |    79 |    46 ||   168
Block: Shield            |    67 |   122 |    39 ||   228
       Rpst.: Long sword |    18 |    17 |    19 ||    54
